 Dungeon Crawl Stone Soup version 0.26-a0-466-g989023bd0d (webtiles) character file.

Game seed: 12891275057623292922

44 wynaut the Sneak (level 3, 0/26 HPs)
             Began as an Octopode Delver on Aug 3, 2020.
             Killed from afar by Sigmund (7 damage)
             ... with a puff of flame
             ... on level 5 of the Dungeon.
             The game lasted 00:04:51 (44 turns).

wynaut the Sneak (Octopode Delver)                    Turns: 44, Time: 00:04:51

Health: 0/26       AC:  1    Str: 11    XL:     3   Next: 62%
Magic:  3/3        EV: 13    Int: 12    God:
Gold:   0          SH:  0    Dex: 14    Spells: 2/2 levels left

rFire    . . .     SeeInvis .   a - +0 short sword
rCold    . . .     Faith    .   (no shield)
rNeg     . . .     Spirit   .   (helmet restricted)
rPois    .         Reflect  .   (no amulet)
rElec    .         Harm     .   (no ring)
rCorr    .                      (no ring)
MR       .....                  (no ring)
Stlth    +++++.....             (no ring)
HPRegen  0.08/turn              (no ring)
MPRegen  0.08/turn              (no ring)
                                (no ring)
                                (no ring)

@: hasted, very quick
A: almost no armour, stealthy swim, amphibious, 8 rings, constrict 8, camouflage
1, gelatinous body 1
a: no special abilities


You were on level 5 of the Dungeon.
You visited 1 branch of the dungeon, and saw 1 of its levels.

Inventory:

Hand Weapons
 a - a +0 short sword (weapon)
Wands
 f - a wand of digging (3)
Scrolls
 c - a scroll of magic mapping


   Skills:
 + Level 3.1 Fighting
 + Level 2.8 Short Blades
 - Level 2.0 Dodging
 - Level 7.5 Stealth


You had 2 spell levels left.
You didn't know any spells.
Your spell library was empty.

Dungeon Overview and Level Annotations

Branches:
Dungeon (5/15)
 Temple: D:4-7

Altars:

Shops:
D:5 *

Annotations:
D:5 Sigmund


Innate Abilities, Weirdness & Mutations

You cannot wear most types of armour.
You are very stealthy in the water. (Stealth+)
You are amphibious.
You can wear up to eight rings at the same time.
You can use your tentacles to constrict eight enemies at once.
Your skin changes colour to match your surroundings (Stealth+).
Your rubbery body absorbs attacks. (AC +1, EV +1)


Message History

You hit the hound skeleton.
The hound skeleton is severely damaged.
You constrict the hound skeleton. You hit the hound skeleton.
The hound skeleton is almost destroyed.
You constrict the hound skeleton. Something barely misses you.
The hound skeleton barely misses you.
You release your grip on the hound skeleton.
As you read the scroll of fear, it crumbles to dust.
You assume a fearsome visage.
The bullfrog looks frightened!
There is an open door, spattered with blood here.
You hit the hound skeleton.
You destroy the hound skeleton!
Something barely misses you.
You hit something but do no damage. You miss something.
You hear some strange, mumbled words.
A puff of flame appears from out of thin air!
The puff of flame hits you!
You die...

######+####.##
#............#
#...........>#
#..†.........#
#..........§§#
#.........§§§#
#........>.§^#
###....####§##
###### #@#
.....§§{.......
.<...§§§§§.....
........§§§....
...............
.............##
..⌠.⌠........#
...∩..#!.....#


There were no monsters in sight!

Vanquished Creatures
  A hound (D:5)
  A hound skeleton (D:5)
  A leopard gecko (D:5)
3 creatures vanquished.

Notes
Turn   | Place    | Note
-------+----------+-------------------------------------------
     0 | D:5      | wynaut the Octopode Delver began the quest for the Orb.
     0 | D:5      | Reached XP level 1. HP: 16/16 MP: 1/1
     2 | D:5      | Noticed a hound
    10 | D:5      | Killed a hound
    10 | D:5      | Reached skill level 7 in Stealth
    10 | D:5      | Reached XP level 2. HP: 16/21 MP: 2/2
    10 | D:5      | Reached XP level 3. HP: 20/26 MP: 3/3
    26 | D:5      | Found Kuunoix's Assorted Antiques.
    26 | D:5      | Noticed Sigmund
    26 | D:5      | Noticed a bullfrog
    44 | D:5      | Killed from afar by Sigmund

Illustrated notes

Levels and vault maps discovered:
D:5:      layout_gridville, lemuel_crystal_altar, lemuel_round_altar,
          serial_shops, shop, nicolae_shop_crystal, shop_fountains,
          nicolae_shop_stone, shop, minmay_lizard_king, uniq_sigmund

Skill      XL: |  1 |
---------------+----+-----
Stealth        | 7 |  7.5
Fighting       | |  3.1
Short Blades   | |  2.8
Dodging        | |  2.0

Action                   || total
-------------------------++-------
Melee: Short sword       ||    15
       Constrict         ||     2
       Tentacles         ||     1
  Use: Scroll            ||     3
       Potion            ||     1
 Stab: Sleeping          ||     1
Dodge: Dodged            ||     8

Table legend: (Time is in decaauts)
 A = Elapsed time spent in this place.
 B = Non-inter-level travel time spent in this place.
 C = Inter-level travel time spent in this place.
 D = Time resting spent in this place.
 E = Time spent auto-exploring this place.
 F = Levels seen in this place.
 G = Mean time per level.
                   A        B        C        D        E       F      G
               +--------+--------+--------+--------+--------+-----+--------+
         Total |     39 |     39 |      0 |      0 |      0 |   1 |   39.0 |
       Dungeon |     39 |     39 |      0 |      0 |      0 |   1 |   39.0 |
               +--------+--------+--------+--------+--------+-----+--------+

Top non-repeatable levels by time:
     D:5: 39 daAuts
